General information
- name: BNet
- type: Ladder team game (AT/RT)
- host: Battle.net
- saver: LayDownNRot
map: Cherryville
- players: 8
- length: 40:34
- speed: Fast
- version: 1.27 W3XP
- replay type: Public
» download(249 KB)
Players
team 1 (loser)

»
Sunman222 (
blue | 50 APM | 1287 actions | 25:36)
5 Archmage
3 Summon Water Elemental
2 Brilliance Aura
3 Paladin
2 Holy Light
1 Divine Shield
» actions
| Assign group hotkey | 285 | |
| Build / train | 74 | |
| Enter build submenu | 21 | |
| Enter hero's abilities submenu | 9 | |
| Give item / drop item | 2 | |
| Remove unit from queue | 3 | |
| Right click | 441 | |
| Select / deselect | 278 | |
| Select group hotkey | 96 | |
| Use ability | 78 | |
1287 total
» units
| Peasant | 19 | |
| Footman | 6 | |
| Gryphon Rider | 5 | |
| Dragonhawk Rider | 6 | |
| Knight | 7 | |
43 total
» upgrades
| Lumber Harvesting | 2 | |
| Swords | 3 | |
| Storm Hammers | 1 | |
| Armor | 2 | |
| Cloud | 1 | |
| Animal War Training | 1 | |
| Plating | 1 | |
11 total
» buildings
| Altar of Kings | 1 | |
| Farm | 9 | |
| Barracks | 2 | |
| Scout Tower | 1 | |
| Arcane Vault | 1 | |
| Lumber Mill | 1 | |
| Keep | 1 | |
| Arcane Tower | 1 | |
| Town Hall | 2 | |
| Blacksmith | 1 | |
| Castle | 1 | |
| Gryphon Aviary | 2 | |
23 total
» build order
00:09 Altar of Kings
00:25 Farm
01:05 Farm
01:14 Barracks
01:45 Farm
01:48 Scout Tower
02:23 Arcane Vault
03:01 Lumber Mill
03:41 Keep
03:43 Arcane Tower
04:15 Farm
04:58 Town Hall
05:12 Blacksmith
06:24 Castle
06:29 Gryphon Aviary
06:53 Gryphon Aviary
10:04 Farm
10:40 Farm
14:46 Farm
15:13 Farm
15:52 Farm
18:55 Barracks
23:09 Town Hall
» items
| Scroll of Regeneration | 2 | |
| Orb of Fire | 1 | |
| Scroll of Town Portal | 1 | |
4 total

»
TrumpSlurpsCum (
teal | 74 APM | 1789 actions | 24:11)
5 Blademaster
3 Wind Walk
2 Critical Strike
2 Shadow Hunter
1 Hex
1 Healing Wave
4 Tauren Chieftain
2 War Stomp
2 Endurance Aura
» actions
| Assign group hotkey | 18 | |
| Basic commands | 162 | |
| Build / train | 116 | |
| ESC pressed | 7 | |
| Enter build submenu | 38 | |
| Enter hero's abilities submenu | 11 | |
| Give item / drop item | 4 | |
| Right click | 608 | |
| Select / deselect | 332 | |
| Select group hotkey | 345 | |
| Use ability | 148 | |
1789 total
» units
| Peon | 32 | |
| Wind Rider | 3 | |
| Shaman | 4 | |
| Troll Batrider | 12 | |
51 total
» upgrades
| Shaman Training | 2 | |
| Ranged Weapons | 2 | |
| Armor | 3 | |
| Envenomed Spears | 1 | |
| Reinforced Defenses | 1 | |
| Liquid Fire | 1 | |
| Witch Doctor Training | 1 | |
11 total
» buildings
| Altar of Storms | 2 | |
| Orc Burrow | 8 | |
| Voodoo Lounge | 1 | |
| Stronghold | 6 | |
| War Mill | 2 | |
| Beastiary | 5 | |
| Spirit Lodge | 1 | |
| Fortress | 2 | |
| Great Hall | 2 | |
| Watch Tower | 12 | |
41 total
» build order
00:06 Altar of Storms
00:11 Orc Burrow
00:38 Voodoo Lounge
02:10 Stronghold
02:10 Stronghold
02:10 Stronghold
02:50 War Mill
02:53 Orc Burrow
04:54 Beastiary
04:56 Spirit Lodge
04:59 Orc Burrow
05:36 Fortress
05:36 Fortress
10:11 Great Hall
10:30 Watch Tower
10:33 Orc Burrow
10:47 Orc Burrow
11:34 Watch Tower
13:08 Beastiary
13:11 Watch Tower
14:24 Watch Tower
14:28 Orc Burrow
14:45 Watch Tower
14:47 Watch Tower
15:29 Altar of Storms
15:32 Orc Burrow
15:38 War Mill
15:41 Orc Burrow
18:08 Stronghold
18:08 Stronghold
21:45 Beastiary
21:48 Beastiary
21:50 Watch Tower
22:48 Beastiary
22:51 Great Hall
23:16 Watch Tower
23:17 Watch Tower
23:19 Watch Tower
23:23 Watch Tower
23:25 Watch Tower
» items
| Healing Salve | 4 | |
| Lesser Clarity Potion | 4 | |
| Orb of Lightning | 5 | |
| Scroll of Town Portal | 3 | |
| Boots of Speed | 2 | |
18 total
secretea.m (
pink | 84 APM | 3388 actions | 40:33)
9 Warden
3 Fan of Knives
3 Blink
1 Spirit of Vengeance
2 Shadow Strike
» actions
| Assign group hotkey | 110 | |
| Basic commands | 49 | |
| Build / train | 137 | |
| ESC pressed | 8 | |
| Enter build submenu | 51 | |
| Enter hero's abilities submenu | 9 | |
| Give item / drop item | 6 | |
| Right click | 1230 | |
| Select / deselect | 490 | |
| Select group hotkey | 1036 | |
| Use ability | 262 | |
3388 total
» units
| Wisp | 45 | |
| Archer | 19 | |
| Hippogryph | 9 | |
| Goblin Zeppelin | 3 | |
76 total
» upgrades
| Improved Bows | 1 | |
| Strength of the Moon | 3 | |
| Well Spring | 1 | |
| Moon Armor | 3 | |
| Nature's Blessing | 1 | |
| Marksmanship | 1 | |
| Strength of the Wild | 4 | |
| Hippogryph Taming | 1 | |
| Reinforced Hides | 3 | |
| Ultravision | 1 | |
| Corrosive Breath | 1 | |
| Backpack | 1 | |
| Sentinel | 1 | |
| Upgrade Moon Glaive | 1 | |
| Vorpal Blades | 1 | |
| Druid of the Talon Training | 2 | |
| Mark of the Talon | 1 | |
27 total
» buildings
| Altar of Elders | 2 | |
| Moon Well | 10 | |
| Ancient of War | 4 | |
| Tree of Ages | 3 | |
| Hunter's Hall | 1 | |
| Ancient of Wonders | 1 | |
| Tree of Life | 4 | |
| Tree of Eternity | 2 | |
| Ancient Protector | 16 | |
| Ancient of Wind | 3 | |
| Chimaera Roost | 2 | |
48 total
» build order
00:07 Altar of Elders
00:08 Moon Well
00:11 Altar of Elders
00:50 Ancient of War
01:29 Moon Well
02:55 Tree of Ages
02:55 Tree of Ages
03:14 Moon Well
04:42 Moon Well
04:43 Moon Well
05:03 Hunter's Hall
05:28 Ancient of Wonders
05:54 Tree of Life
06:41 Tree of Eternity
06:41 Tree of Eternity
07:32 Moon Well
07:46 Moon Well
09:05 Ancient Protector
09:06 Ancient Protector
09:33 Moon Well
10:19 Ancient Protector
10:21 Ancient Protector
10:47 Moon Well
10:52 Moon Well
11:44 Ancient Protector
11:45 Ancient Protector
12:15 Ancient Protector
12:17 Ancient Protector
12:56 Ancient of Wind
12:58 Ancient of Wind
13:46 Ancient of War
13:49 Ancient of War
13:52 Ancient of War
14:02 Ancient of Wind
17:34 Ancient Protector
17:40 Ancient Protector
20:35 Tree of Life
20:37 Ancient Protector
21:58 Ancient Protector
22:10 Ancient Protector
24:31 Chimaera Roost
24:34 Chimaera Roost
29:42 Tree of Life
29:57 Tree of Life
32:28 Ancient Protector
32:30 Ancient Protector
33:34 Ancient Protector
» items
| Staff of Preservation | 1 | |
| Orb of Venom | 1 | |
| Potion of Invisibility | 2 | |
| Boots of Speed | 1 | |
| Staff of Teleportation | 1 | |
| Scroll of Town Portal | 2 | |
8 total
Quizblor (
green | 0 APM | 0 actions | 04:28)
team 2 (winner)

»
Grandiose (
orange | 43 APM | 1291 actions | 30:00)
5 Demon Hunter
3 Mana Burn
2 Evasion
4 Priestess of the Moon
2 Trueshot Aura
2 Searing Arrows
» actions
| Assign group hotkey | 13 | |
| Basic commands | 7 | |
| Build / train | 71 | |
| Enter build submenu | 17 | |
| Enter hero's abilities submenu | 9 | |
| Give item / drop item | 8 | |
| Right click | 640 | |
| Select / deselect | 332 | |
| Select group hotkey | 147 | |
| Use ability | 47 | |
1291 total
» units
| Wisp | 14 | |
| Archer | 5 | |
| Goblin Shredder | 1 | |
| Hippogryph | 13 | |
| Chimaera | 7 | |
40 total
» upgrades
| Strength of the Wild | 3 | |
| Reinforced Hides | 3 | |
| Corrosive Breath | 1 | |
| Ultravision | 1 | |
8 total
» buildings
| Altar of Elders | 1 | |
| Moon Well | 6 | |
| Ancient of War | 1 | |
| Ancient of Wonders | 1 | |
| Hunter's Hall | 1 | |
| Tree of Ages | 1 | |
| Ancient Protector | 1 | |
| Tree of Eternity | 1 | |
| Ancient of Wind | 1 | |
| Chimaera Roost | 2 | |
16 total
» build order
00:11 Altar of Elders
00:12 Moon Well
00:50 Ancient of War
01:40 Moon Well
02:08 Ancient of Wonders
04:02 Hunter's Hall
04:14 Moon Well
04:21 Tree of Ages
05:13 Ancient Protector
06:45 Moon Well
06:48 Tree of Eternity
07:09 Ancient of Wind
10:23 Chimaera Roost
10:40 Chimaera Roost
14:33 Moon Well
14:36 Moon Well
» items
| Dust of Appearance | 3 | |
| Boots of Speed | 1 | |
| Staff of Preservation | 1 | |
| Scroll of Town Portal | 5 | |
10 total

»
Monkey_Chow (
red | 46 APM | 1816 actions | 39:39)
4 Archmage
2 Summon Water Elemental
2 Brilliance Aura
3 Paladin
2 Holy Light
1 Devotion Aura
5 Mountain King
2 Storm Bolt
3 Bash
» actions
| Assign group hotkey | 45 | |
| Build / train | 187 | |
| Enter build submenu | 34 | |
| Enter hero's abilities submenu | 14 | |
| Remove unit from queue | 9 | |
| Right click | 792 | |
| Select / deselect | 332 | |
| Select group hotkey | 243 | |
| Use ability | 160 | |
1816 total
» units
| Peasant | 33 | |
| Footman | 1 | |
| Rifleman | 3 | |
| Knight | 3 | |
| Dragonhawk Rider | 14 | |
| Gryphon Rider | 10 | |
64 total
» upgrades
| Masonry | 3 | |
| Lumber Harvesting | 2 | |
| Swords | 3 | |
| Plating | 2 | |
| Gunpowder | 2 | |
| Animal War Training | 1 | |
| Long Rifles | 1 | |
| Cloud | 1 | |
| Armor | 3 | |
| Storm Hammers | 1 | |
19 total
» buildings
| Altar of Kings | 1 | |
| Farm | 13 | |
| Barracks | 2 | |
| Lumber Mill | 1 | |
| Arcane Vault | 3 | |
| Town Hall | 3 | |
| Scout Tower | 24 | |
| Keep | 6 | |
| Blacksmith | 2 | |
| Guard Tower | 38 | |
| Castle | 4 | |
| Arcane Tower | 3 | |
| Gryphon Aviary | 3 | |
| Workshop | 1 | |
104 total
» build order
00:24 Altar of Kings
00:47 Farm
00:50 Farm
01:43 Barracks
02:10 Lumber Mill
02:52 Arcane Vault
04:15 Town Hall
04:23 Arcane Vault
04:25 Scout Tower
04:26 Scout Tower
04:28 Scout Tower
04:28 Scout Tower
04:52 Keep
04:52 Keep
05:22 Farm
05:24 Farm
05:25 Farm
05:26 Farm
05:37 Blacksmith
06:34 Guard Tower
06:34 Guard Tower
06:58 Farm
07:00 Farm
07:01 Farm
07:04 Scout Tower
07:04 Scout Tower
07:05 Scout Tower
07:20 Scout Tower
07:22 Scout Tower
07:23 Scout Tower
07:25 Scout Tower
07:27 Scout Tower
07:30 Scout Tower
07:31 Scout Tower
07:33 Scout Tower
07:34 Scout Tower
07:37 Guard Tower
07:37 Guard Tower
08:03 Guard Tower
08:03 Guard Tower
08:05 Guard Tower
08:05 Guard Tower
08:20 Guard Tower
08:21 Guard Tower
08:25 Guard Tower
08:34 Farm
08:36 Farm
08:37 Farm
08:38 Farm
08:46 Guard Tower
08:47 Guard Tower
08:54 Guard Tower
08:54 Guard Tower
09:15 Guard Tower
09:22 Castle
09:23 Castle
09:24 Arcane Tower
09:24 Arcane Tower
09:25 Arcane Tower
09:29 Guard Tower
09:29 Guard Tower
09:48 Guard Tower
09:48 Guard Tower
10:27 Guard Tower
10:27 Guard Tower
11:13 Gryphon Aviary
11:17 Gryphon Aviary
11:25 Keep
11:25 Keep
11:31 Scout Tower
11:34 Scout Tower
11:38 Scout Tower
14:43 Guard Tower
14:43 Guard Tower
14:44 Castle
15:04 Scout Tower
15:05 Scout Tower
15:07 Scout Tower
15:08 Scout Tower
15:09 Scout Tower
15:21 Arcane Vault
15:30 Gryphon Aviary
15:48 Guard Tower
15:48 Guard Tower
15:58 Guard Tower
15:59 Guard Tower
15:59 Guard Tower
19:45 Blacksmith
19:51 Guard Tower
19:51 Guard Tower
23:39 Barracks
24:49 Workshop
28:06 Town Hall
30:01 Town Hall
» items
| Periapt of Vitality | 1 | |
| Scroll of Healing | 2 | |
| Scroll of Town Portal | 6 | |
| Boots of Speed | 1 | |
| Scroll of Regeneration | 5 | |
| Orb of Fire | 1 | |
16 total
errors-4-us (
yellow | 69 APM | 2755 actions | 39:43)
5 Shadow Hunter
2 Hex
3 Healing Wave
» actions
| Assign group hotkey | 66 | |
| Basic commands | 121 | |
| Build / train | 78 | |
| Enter build submenu | 22 | |
| Enter hero's abilities submenu | 5 | |
| Give item / drop item | 4 | |
| Remove unit from queue | 6 | |
| Right click | 1177 | |
| Select / deselect | 330 | |
| Select group hotkey | 818 | |
| Use ability | 128 | |
2755 total
» units
| Peon | 17 | |
| Grunt | 3 | |
| Troll Batrider | 19 | |
| Wind Rider | 4 | |
| Raider | 2 | |
45 total
» upgrades
| Reinforced Defenses | 1 | |
| Ranged Weapons | 3 | |
| Armor | 3 | |
| Liquid Fire | 1 | |
8 total
» buildings
| Altar of Storms | 1 | |
| Orc Burrow | 5 | |
| Barracks | 1 | |
| Voodoo Lounge | 1 | |
| Stronghold | 1 | |
| War Mill | 1 | |
| Great Hall | 2 | |
| Watch Tower | 16 | |
| Fortress | 1 | |
| Spirit Lodge | 2 | |
| Beastiary | 3 | |
34 total
» build order
00:06 Altar of Storms
00:21 Orc Burrow
00:36 Barracks
01:25 Orc Burrow
02:08 Voodoo Lounge
03:01 Stronghold
03:52 War Mill
04:23 Orc Burrow
05:12 Great Hall
05:17 Watch Tower
06:40 Watch Tower
06:42 Fortress
06:52 Orc Burrow
07:33 Great Hall
09:33 Watch Tower
09:33 Watch Tower
09:34 Watch Tower
09:34 Watch Tower
10:27 Watch Tower
10:39 Spirit Lodge
10:39 Spirit Lodge
10:50 Beastiary
10:55 Beastiary
14:49 Watch Tower
14:49 Watch Tower
14:50 Watch Tower
14:51 Watch Tower
14:51 Watch Tower
14:52 Watch Tower
15:09 Watch Tower
15:10 Watch Tower
15:10 Watch Tower
17:26 Orc Burrow
18:05 Beastiary
» items
| Healing Salve | 4 | |
| Staff of Teleportation | 1 | |
| Potion of Lesser Invulnerability | 1 | |
| Scroll of Town Portal | 5 | |
11 total
LayDownNRot (
purple | 69 APM | 2816 actions | 40:34)
5 Archmage
3 Summon Water Elemental
2 Brilliance Aura
3 Mountain King
2 Storm Bolt
1 Bash
» actions
| Assign group hotkey | 68 | |
| Basic commands | 298 | |
| Build / train | 91 | |
| Enter build submenu | 60 | |
| Enter hero's abilities submenu | 11 | |
| Give item / drop item | 5 | |
| Right click | 921 | |
| Select / deselect | 533 | |
| Select group hotkey | 633 | |
| Use ability | 196 | |
2816 total
» units
| Peasant | 20 | |
| Footman | 5 | |
| Goblin Shredder | 1 | |
| Dragonhawk Rider | 7 | |
| Goblin Sapper | 4 | |
| Gryphon Rider | 2 | |
39 total
» upgrades
| Masonry | 3 | |
| Swords | 3 | |
| Armor | 3 | |
| Animal War Training | 1 | |
| Cloud | 1 | |
| Storm Hammers | 1 | |
12 total
» buildings
| Altar of Kings | 1 | |
| Barracks | 1 | |
| Farm | 13 | |
| Scout Tower | 32 | |
| Arcane Vault | 1 | |
| Keep | 1 | |
| Arcane Tower | 4 | |
| Town Hall | 6 | |
| Lumber Mill | 1 | |
| Guard Tower | 8 | |
| Gryphon Aviary | 4 | |
| Blacksmith | 2 | |
| Castle | 1 | |
75 total
» build order
00:36 Altar of Kings
00:37 Barracks
00:49 Farm
00:50 Farm
01:04 Farm
01:32 Farm
02:04 Scout Tower
02:20 Arcane Vault
03:32 Keep
03:57 Arcane Tower
04:22 Town Hall
04:42 Town Hall
05:17 Lumber Mill
06:33 Scout Tower
06:51 Arcane Tower
06:52 Arcane Tower
06:55 Scout Tower
06:58 Scout Tower
06:59 Scout Tower
07:11 Scout Tower
07:13 Scout Tower
07:16 Scout Tower
07:48 Arcane Tower
07:52 Guard Tower
07:56 Scout Tower
07:59 Guard Tower
08:02 Gryphon Aviary
08:03 Gryphon Aviary
08:56 Gryphon Aviary
08:56 Gryphon Aviary
08:59 Blacksmith
09:04 Blacksmith
09:29 Castle
10:21 Guard Tower
10:22 Scout Tower
10:23 Scout Tower
10:25 Scout Tower
10:28 Scout Tower
11:15 Farm
11:16 Farm
11:20 Farm
11:21 Farm
11:36 Guard Tower
17:08 Farm
17:14 Farm
18:38 Scout Tower
18:38 Scout Tower
18:39 Scout Tower
20:41 Guard Tower
21:10 Farm
21:10 Farm
23:43 Town Hall
25:38 Town Hall
25:41 Scout Tower
25:41 Scout Tower
25:41 Scout Tower
25:42 Scout Tower
25:42 Scout Tower
25:43 Scout Tower
25:43 Scout Tower
25:43 Scout Tower
25:44 Scout Tower
25:44 Scout Tower
26:20 Guard Tower
26:23 Scout Tower
26:24 Scout Tower
27:31 Guard Tower
27:48 Farm
31:40 Town Hall
33:40 Guard Tower
38:55 Scout Tower
38:55 Scout Tower
38:57 Scout Tower
38:58 Scout Tower
40:27 Town Hall
» items
| Scroll of Town Portal | 6 | |
| Boots of Speed | 1 | |
| Periapt of Vitality | 1 | |
| Potion of Lesser Invulnerability | 1 | |
| Staff of Sanctuary | 2 | |
| Scroll of Regeneration | 2 | |
| Potion of Mana | 1 | |
14 total
Chat log
(00:11 / All) errors-4-us: dis map
(00:12 / All) errors-4-us: ghey
(00:14 / All) errors-4-us: dayum
(00:14 / All) LayDownNRot: I proudly voted for Donald J. Trump
(00:16 / All) Monkey_Chow: my team is superior to ur team
(00:23 / All) TrumpSlurpsCum: i proudly slobbed his knob
(00:29 / All) LayDownNRot: queer alert
(00:32 / All) TrumpSlurpsCum: classic trash talk red
(00:33 / All) TrumpSlurpsCum: love it
(00:38 / All) secretea.m: teal has gay fantasies about trump?
(00:38 / All) Monkey_Chow: donald trump is the icon of the worl
(00:48 / All) TrumpSlurpsCum: it aint no fantasy
(00:54 / All) errors-4-us: horizon zero dawn has hilary trump reference lawl
(00:59 / All) Monkey_Chow: he has a smoking hot piece of ass
(01:00 / All) TrumpSlurpsCum: it was real and i got the slurp to prove it
(01:06 / All) secretea.m: gross
(01:07 / All) Monkey_Chow: and hes the most famous person of our time
(01:12 / All) Monkey_Chow: what more can u ask for
(01:16 / All) TrumpSlurpsCum: im never washing this throat again
(01:31 / All) Monkey_Chow: give me 1 millon dollars and id gladly blow him
(01:40 / All) TrumpSlurpsCum: i'd pay that much
(01:47 / All) Monkey_Chow: for me teal?
(01:55 / All) TrumpSlurpsCum: only god emperor
(01:58 / All) LayDownNRot: Are we in San Francisco?
(02:00 / All) TrumpSlurpsCum: praise be unto him
(02:04 / All) TrumpSlurpsCum: hail donald
(02:06 / All) secretea.m: looks like it purp
(02:09 / All) secretea.m: all queers this game
(02:38 / All) Monkey_Chow: only queeer is u little lib pinky
(02:54 / Allies) errors-4-us: tower bottom choke red
(02:55 / Allies) Monkey_Chow: yessir
(02:57 / Allies) Monkey_Chow: lets go
(03:13 / Allies) Monkey_Chow: now
(03:17 / Allies) errors-4-us: bring miliia
(03:24 / Allies) Monkey_Chow: obccs
(04:06 / Allies) Monkey_Chow: next expo yellow
(04:07 / Allies) Monkey_Chow: my dude
(04:08 / Allies) LayDownNRot: lumber
(04:12 / Allies) errors-4-us: thx
(04:34 / All) LayDownNRot: newbie hit the lottery!
(04:37 / All) LayDownNRot: NEWBIE HIT THE LOTTERY!
(05:12 / Allies) Monkey_Chow: excelennet
(06:02 / All) TrumpSlurpsCum: lol
(06:03 / All) LayDownNRot: this nub hit lottery
(06:16 / All) LayDownNRot: because I tried to rush before orange could get this expo
(06:39 / Allies) Monkey_Chow: want items yellow?
(06:40 / All) TrumpSlurpsCum: healthy collaboration right there
(07:09 / Allies) errors-4-us: tower choke a bit more if u can friend
(07:16 / Allies) Monkey_Chow: okey doke
(07:52 / Allies) Monkey_Chow: wood me
(08:04 / Allies) LayDownNRot: gold me
(08:50 / All) LayDownNRot: lol
(08:51 / All) TrumpSlurpsCum: lol
(08:52 / Allies) Monkey_Chow: defend this base
(08:57 / Allies) Monkey_Chow: kkk
(10:35 / Allies) Grandiose: wood?
(11:06 / Allies) Monkey_Chow: griffs
(11:33 / Allies) errors-4-us: go mid left redp
(12:30 / Allies) errors-4-us: tp oj
(12:30 / Allies) errors-4-us: tp
(12:36 / Allies) Grandiose: tping
(13:13 / All) LayDownNRot: mve yo ufucking dumb vcoons
(13:17 / All) LayDownNRot: fucking retards
(13:17 / All) TrumpSlurpsCum: raped
(13:29 / All) LayDownNRot: fucking chicken nugget scoons
(13:37 / All) TrumpSlurpsCum: sp[ent all gold on towers rofl
(13:45 / Allies) Grandiose: stay near towers
(15:38 / Allies) Grandiose: omfg
(15:41 / Allies) Grandiose: bought 2 tps
(16:19 / All) errors-4-us: teal with thos ehacks
(16:42 / Allies) errors-4-us: tp to purple
(16:43 / Allies) errors-4-us: to to purple
(16:45 / Allies) Grandiose: k
(18:13 / Allies) errors-4-us: hit teal
(18:15 / Allies) errors-4-us: not pink
(18:16 / Allies) errors-4-us: teal
(18:22 / Allies) Grandiose: k
(18:47 / Allies) LayDownNRot: go
(20:12 / Allies) Grandiose: gold pls
(20:14 / Allies) Monkey_Chow: greens done'
(20:27 / Allies) Grandiose: yelo can i have some gold pls?
(20:37 / All) LayDownNRot: yellow and red dhwaks yet still I get batted
(20:47 / Allies) Grandiose: ty
(20:52 / All) LayDownNRot: my pings are a great mystery
(21:05 / All) LayDownNRot: Pinging teal? Ah, obviously he means to hit green without the rest of the team
(21:13 / All) TrumpSlurpsCum: this is the dumbest game
(22:32 / Allies) Grandiose: holy shit i
(22:38 / Allies) Grandiose: lets go
(22:39 / Allies) Grandiose: purple
(22:45 / Allies) Monkey_Chow: guys
(22:47 / Allies) Monkey_Chow: hit top please
(22:50 / Allies) Grandiose: k
(23:17 / All) errors-4-us: teal playing like kodo
(23:38 / All) TrumpSlurpsCum: well its 3v4 so we're playing like shit
(24:14 / All) LayDownNRot: raped
(24:35 / Allies) Grandiose: get some tanks
(24:39 / Allies) Grandiose: pink has lots of air
(25:32 / All) secretea.m: how is blue 43-26 LMAO
(26:13 / Allies) Grandiose: tp?
(26:19 / Allies) Grandiose: tp gogogo
(26:21 / Allies) errors-4-us: no
(26:22 / Allies) Monkey_Chow: sure why nt'
(26:35 / Allies) Monkey_Chow: repair
(27:03 / Allies) Grandiose: gold?
(27:35 / Allies) Grandiose: lol purple
(29:34 / Allies) Grandiose: ?
(29:59 / All) errors-4-us: OJ tk???
(30:05 / All) LayDownNRot: I didn't realize you were the one with all the a moving arhcers earlier
(30:08 / Allies) Monkey_Chow: i got him
(30:15 / All) LayDownNRot: lawl I was having a hell of a time with teal because I had to rush to try to beat orange
(30:16 / All) LayDownNRot: to expo
(30:28 / All) errors-4-us: orc hero focusing is no joke
(30:31 / All) LayDownNRot: and then you provided blanket for him from me when you guys attacked
(30:34 / Allies) Monkey_Chow: lets finsi this
(30:53 / All) LayDownNRot: then he got bats and shit and had tri hero
(31:11 / All) LayDownNRot: I got 2 outta 3 before he rage quitted lawl
(31:20 / All) LayDownNRot: he focused my AM but I got his tc then his bm before I tped
(31:54 / Allies) Monkey_Chow: yellow
(31:56 / Allies) Monkey_Chow: u here?
(32:08 / Allies) Monkey_Chow: urple?
(32:11 / Allies) Monkey_Chow: purple
(32:13 / Allies) Monkey_Chow: u tk us?
(32:31 / Allies) Monkey_Chow: why purple/z
(32:47 / Allies) LayDownNRot: cuz you're a chicken nugget scoon
(35:40 / All) errors-4-us: no voodoo today : (
(36:26 / All) LayDownNRot: red can't you just leave so we can end it the easy way?
(36:29 / Allies) Monkey_Chow: thats all i got purp
(36:32 / Allies) Monkey_Chow: goood luck
(36:42 / Allies) Monkey_Chow: youre on ym team
(36:54 / Allies) LayDownNRot: and?
(37:44 / Allies) Monkey_Chow: why u tk us man?
(38:02 / Allies) LayDownNRot: I told you
(38:07 / Allies) LayDownNRot: you're a chicken nugget scoon
(39:45 / All) LayDownNRot: aight
(39:50 / All) LayDownNRot: teal should lose